 Dungeon Crawl Stone Soup version 0.31-a0-188-g5e087ee2ca (webtiles) character file.

Game seed: 6342873469144770374

121 qw the Skirmisher (level 4, 0/25 HPs)
             Began as a Deep Elf Hunter on June 23, 2023.
             Slain by an orc wizard
             ... wielding a +0 dagger
              (3 damage)
             ... on level 3 of the Dungeon.
             The game lasted 00:00:42 (2136 turns).

qw the Skirmisher (Deep Elf Hunter)                 Turns: 2136, Time: 00:00:43

Health: 0/25       AC:  6    Str: 10    XL:     4   Next: 76%
Magic:  6/6        EV: 12    Int: 14    God:
Gold:   96         SH:  0    Dex: 18    Spells: 3/3 levels left

rFire   . . .        Y - +0 shortbow
rCold   . . .        (shield currently unavailable)
rNeg    . . .        c - +0 leather armour
rPois   .            (no helmet)
rElec   .            (no cloak)
rCorr   .            b - +2 pair of gloves
SInv    .            (no boots)
Will    .....        (no amulet)
Stlth   ++           (no ring)
HPRegen 0.24/turn    (no ring)
MPRegen 0.10/turn

%: no passive effects
@: no status effects
A: no striking features
a: no special abilities


You were on level 3 of the Dungeon.
You visited 1 branch of the dungeon, and saw 3 of its levels.

You collected 96 gold pieces.


   Skills:
 - Level 1.5 Fighting
 + Level 8.2 Ranged Weapons
 - Level 2.4 Dodging
 - Level 1.2 Stealth


You had 3 spell levels left.
You didn't know any spells.
Your spell library was empty.

Inventory:

Hand Weapons
 Y - a +0 shortbow (weapon)
Armour
 b - a +2 pair of gloves (worn)
 c - a +0 leather armour (worn)
Scrolls
 l - a scroll of identify
Potions
 a - a potion of mutation {unknown}
 e - a potion of resistance
 i - a potion of cancellation {unknown}

Dungeon Overview and Level Annotations

Branches:
Dungeon (3/15)

Altars:
Yredelemnul


Message History

The orc hits you but does no damage. Something hits you.
An orc comes into view. It is wielding a +0 hand axe.
You shoot an arrow. The arrow hits the orc.
The orc is severely wounded.
You hear some strange, mumbled words.
You are confused.
The orc hits you with a +0 club.
The orc wizard points at you and mumbles some strange words.
The puff of flame misses you.
2128 ||| DRINKING potion of curing.
You feel better.
2128 ||| (to cure confusion)
The orc hits you but does no damage.
You hear some strange, mumbled words.
You are confused.
The orc wizard barely misses you. The orc hits you with a +0 club.
You hear some strange, mumbled words.
A magic dart appears from out of thin air!
The magic dart hits you. Something hits you but does no damage.
Something hits you but does no damage. The orc hits you but does no damage.
Something hits you but does no damage. The orc hits you with a +0 hand axe.
The orc wizard casts a spell.
The orc wizard flickers and vanishes!
You feel less confused. The orc hits you with a +0 club.
You hear some strange, mumbled words.
Something tries to affect you, but you resist.
Something hits you. The orc misses you.
You shoot an arrow. The arrow hits the orc!
You kill the orc!
Something hits you. x2; The orc misses you.
You shoot an arrow. The arrow hits the orc.
The orc is severely wounded.
Something hits you but does no damage. Something hits you.
The orc hits you with a +0 hand axe.
You shoot an arrow. The arrow hits the orc!
You kill the orc!
Something hits you but does no damage. Something hits you.
You die...

.. ....#
....#
....#
#...+
#####...#
#..{)...#
#..@{...#
#...)..##
#.....<#
#......#
#......#
#......#
########


There were no monsters in sight!

Vanquished Creatures
  7 adders
  A worm (D:2)
  2 dart slugs
  2 orcs (D:3)
  2 endoplasms (D:2)
  2 giant cockroaches (D:2)
  6 hobgoblins
  4 jackals (D:2)
  6 kobolds
  A quokka (D:2)
  9 ball pythons
  3 bats
  2 frilled lizards
  2 goblins
  4 rats
53 creatures vanquished.

Notes
Turn   | Place    | Note
-------+----------+-------------------------------------------
     0 | D:1      | qw the Deep Elf Hunter began the quest for the Orb.
     0 | D:1      | Reached XP level 1. HP: 12/12 MP: 3/3
     0 | D:1      | 0 ||| qw: Version: 0.3-a-9-g12657ce
     0 | D:1      | 0 ||| qw: Game counter: 3703
     0 | D:1      | 0 ||| qw: Always use a shield: true
     0 | D:1      | 0 ||| qw: God list: Okawaru
     0 | D:1      | 0 ||| qw: Allow faded altars: false
     0 | D:1      | 0 ||| qw: Do Orc after D:15 true
     0 | D:1      | 0 ||| qw: Do second Lair branch before Depths: true
     0 | D:1      | 0 ||| qw: Lair rune preference: random
     0 | D:1      | 0 ||| qw: Plans: Normal
     0 | D:1      | 0 ||| PLANNING D:1-11
    77 | D:1      | Reached skill level 6 in Ranged Weapons
    77 | D:1      | Reached XP level 2. HP: 16/16 MP: 4/4
   549 | D:1      | 549 ||| UPGRADING to +0 pair of gloves.
   554 | D:1      | 554 ||| READING scroll labelled LIBBOUCHUI.
   555 | D:1      | 555 ||| READING scroll labelled LIOBUY KONI.
   656 | D:1      | 656 ||| READING scroll labelled LYEDEIX LAOKK.
   659 | D:1      | 659 ||| READING scroll labelled YGUPIS EXA QOIM.
   660 | D:1      | 660 ||| DRINKING 2 sedimented sapphire potions.
   765 | D:1      | 765 ||| DROPPING scroll of butterflies.
   766 | D:1      | 766 ||| DROPPING potion of berserk rage.
   808 | D:2      | Reached XP level 3. HP: 19/20 MP: 5/5
  1030 | D:2      | Found a faded altar of an unknown god.
  1058 | D:2      | Found a basalt altar of Yredelemnul.
  1167 | D:2      | Reached skill level 7 in Ranged Weapons
  1635 | D:2      | Reached XP level 4. HP: 25/25 MP: 6/6
  1790 | D:2      | Reached skill level 8 in Ranged Weapons
  1985 | D:2      | 1985 ||| UPGRADING to +2 pair of gloves.
  1995 | D:2      | 1995 ||| DROPPING +0 pair of gloves.
  1996 | D:2      | 1996 ||| READING scroll labelled WOYFONWUERI.
  1997 | D:2      | 1997 ||| READING 2 scrolls labelled OSKIOJ HICU.
  1998 | D:2      | 1998 ||| READING scroll labelled LOGAME LINK.
  1999 | D:2      | 1999 ||| DRINKING 2 metallic golden potions.
  2000 | D:2      | 2000 ||| DRINKING 2 fuming white potions.
  2049 | D:2      | 2049 ||| READING 3 scrolls of identify.
  2049 | D:2      | 2049 ||| IDENTIFYING blue potion
  2050 | D:2      | 2050 ||| READING 2 scrolls of identify.
  2050 | D:2      | 2050 ||| IDENTIFYING bubbling cyan potion
  2051 | D:2      | 2051 ||| DROPPING scroll of fear.
  2052 | D:2      | 2052 ||| DROPPING potion of lignification.
  2053 | D:2      | 2053 ||| DROPPING potion of attraction.
  2128 | D:3      | 2128 ||| DRINKING potion of curing.
  2128 | D:3      | 2128 ||| (to cure confusion)
  2134 | D:3      | HP: 6/25 [something (2)]
  2135 | D:3      | HP: 2/25 [orc/+0 hand axe (1)]
  2136 | D:3      | Slain by an orc wizard

Levels and vault maps discovered:
D:1:      dpeg_arrival_chambers_temple_mockup, layout_rooms
D:2:      layout_basic, basic_altar, hellmonk_ecumenical_altar_crossroads,
          serial_curves, eino_curves_04, eino_curves_04, minmay_snake_closets
D:3:      layout_basic, dancing_weapons_uskayaw,
          mainiacjoe_overflow_cross_hatched, kennysheep_generic_room_13

Skill      XL: |  1  2  3  4 |
---------------+-------------+-----
Ranged Weapons | 6 7 8 |  8.2
Fighting       | |  1.5
Dodging        | |  2.4
Stealth        | |  1.2

Action                     |  1- 3 |  4- 6 || total
---------------------------+-------+-------++-------
   Fire: Shortbow          |    85 |    47 ||   132
    Use: Scroll            |     4 |     5 ||     9
         Potion            |     1 |     3 ||     4
 Armour: Leather armour    |     4 |    14 ||    18
  Dodge: Dodged            |    14 |    20 ||    34

Table legend:
 A = Non-vault XP
 B = Vault XP
 C = Vault XP percentage of total XP
 D = Non-vault monster count
 E = Vault monster count
 F = Vault count percentage of total count
                 A         B        C        D         E       F
            +---------+---------+-------+---------+---------+-------
      Total |     113 |      63 |  35.8 |      42 |      11 |  20.8
            +---------+---------+-------+---------+---------+-------
        D:1 |      28 |       0 |   0.0 |      16 |       0 |   0.0
        D:2 |      66 |      63 |  48.8 |      23 |      11 |  32.4
        D:3 |      19 |       0 |   0.0 |       3 |       0 |   0.0
            +---------+---------+-------+---------+---------+-------
